[Event "*** Titled Tuesday Blitz"]
[Site "Chess.com"]
[Date "2019.11.05"]
[Round "4"]
[White "Marcus_Harvey"]
[Black "DonBroca"]
[Result "1-0"]
[WhiteElo "2630"]
[BlackElo "2011"]
[TimeControl "180+2"]
[EndTime "13:48:56 PST"]
[Termination "Marcus_Harvey won by checkmate"]

1. Nf3 Nf6 2. b3 g6 3. Bb2 Bg7 4. e3 O-O 5. Be2 b6 6. O-O Bb7 7. c4 c5 8. d4 cxd4 9. Nxd4 d6 10. Nc3 a6 11. Bf3 Bxf3 12. Qxf3 Ra7 13. Rac1 e5 14.
Nc2 Nbd7 15. Rfd1 Nc5 16. Qe2 e4 17. Nb4 Rc7 18. Ncd5 Nxd5 19. Nxd5 Bxb2 20. Qxb2 Nd3 21. Rxd3 exd3 22. Nf6+ Kg7 23. Ne8+ Kg8 24. Qg7# 1-0

[Event "*** Titled Tuesday Blitz"]
[Site "Chess.com"]
[Date "2019.11.05"]
[Round "4"]
[White "albano87"]
[Black "vova-79"]
[Result "1-0"]
[WhiteElo "2009"]
[BlackElo "2402"]
[TimeControl "180+2"]
[EndTime "13:49:04 PST"]
[Termination "albano87 won by resignation"]

1. e4 e6 2. d4 d5 3. Nc3 dxe4 4. Nxe4 Nd7 5. Nf3 Ngf6 6. Bg5 h6 7. Nxf6+ Nxf6 8. Be3 Nd5 9. Bd3 Nxe3 10. fxe3 Bd6 11. O-O O-O 12. e4 e5 13. dxe5 Bc5+ 14. Kh1 Be6 15.
Qe2 Qe7 16. c3 Rad8 17. Bc4 Bb6 18. Rad1 Bg4 19. Rxd8 Rxd8 20. Rd1 Rxd1+ 21. Qxd1 c6 22.
Qd6 Qd7 23. Nd4 Bc7 24. Qxd7 Bxd7 25. e6 Bc8 26. exf7+ Kf8 27. Be6 1-0

[Event "*** Titled Tuesday Blitz"]
[Site "Chess.com"]
[Date "2019.11.05"]
[Round "4"]
[White "deBaller"]
[Black "Perecke"]
[Result "1-0"]
[WhiteElo "2336"]
[BlackElo "2135"]
[TimeControl "180+2"]
[EndTime "13:49:10 PST"]
[Termination "deBaller won by resignation"]

1. e4 e5 2. Nf3 Nc6 3. d4 exd4 4. Bc4 Nf6 5. e5 d5 6. Bb5 Ne4 7. Nxd4 Bc5 8. Be3 Bd7 9. Bxc6 bxc6 10. O-O O-O 11. f3 Ng5 12. f4 Ne6 13. c3 f6 14.
f5 Nxd4 15. cxd4 Bb6 16. e6 Bc8 17. Nc3 Kh8 18. Qg4 Qe7 19. Rf3 g6 20. fxg6 Bxe6 21. Qh5 Qg7 22. Rg3 f5 23. Bh6 Qxd4+ 24. Kh1 Rfe8 25. Bf8 1-0

[Event "*** Titled Tuesday Blitz"]
[Site "Chess.com"]
[Date "2019.11.05"]
[Round "4"]
[White "Darhild"]
[Black "platy3"]
[Result "0-1"]
[WhiteElo "2699"]
[BlackElo "2904"]
[TimeControl "180+2"]
[EndTime "13:49:22 PST"]
[Termination "platy3 won by resignation"]

1. e4 c5 2. Nf3 d6 3. d4 cxd4 4. Nxd4 Nf6 5. Nc3 Nc6 6. g3 Bg4 7. f3 Bd7 8. Bg2 g6 9. Nde2 Bg7 10. O-O b5 11. Bf4 b4 12. Nd5 Nxd5 13. exd5 Na5 14. Qd2 Qb6+ 15. Kh1 Nc4 16. Qd3 Nxb2 17. Qb3 Ba4 18.
Qe3 Nc4 19. Qe4 Rc8 20. Rae1 O-O 21. Qxe7 Rfe8 22. Qh4 Bxc2 23. Bh6 Bxh6 24. Qxh6 Bd3 25. Bh3 Bxe2 26. Rxe2 Rxe2 27. Bxc8 Nd2 0-1

[Event "*** Titled Tuesday Blitz"]
[Site "Chess.com"]
[Date "2019.11.05"]
[Round "4"]
[White "Indianlad"]
[Black "Drags95"]
[Result "1-0"]
[WhiteElo "3025"]
[BlackElo "2777"]
[TimeControl "180+2"]
[EndTime "13:49:28 PST"]
[Termination "Indianlad won by resignation"]

1. d4 Nf6 2. c4 g6 3. g3 Bg7 4. Bg2 O-O 5. Nc3 d6 6. Nf3 c6 7.
O-O Bf5 8. b3 Ne4 9. Bb2 Nxc3 10.
Bxc3 Be4 11. Re1 d5 12. e3 dxc4 13. bxc4 c5 14. Qb3 Nc6 15. d5 Bxf3 16. Bxg7 Kxg7 17. Qc3+ f6 18. Bxf3 Ne5 19. Bg2 Qd6 20. f4 Nf7 21. e4 e5 22. dxe6 Qxe6 23. e5 fxe5 24. Bxb7 Rad8 25. Bd5 Rxd5 26. cxd5 Qxd5 27. Rad1 Qxa2 28.
h4 Rb8 29. fxe5 Rb3 30. Ra1 Rxc3 31. Rxa2 Rxg3+ 32. Kf2 Rd3 1-0

[Event "*** Titled Tuesday Blitz"]
[Site "Chess.com"]
[Date "2019.11.05"]
[Round "4"]
[White "MikeSailer"]
[Black "Borsuk_Konstantin"]
[Result "0-1"]
[WhiteElo "2199"]
[BlackElo "2510"]
[TimeControl "180+2"]
[EndTime "13:49:30 PST"]
[Termination "Borsuk_Konstantin won by resignation"]

1. b4 Nf6 2. Bb2 b6 3. c4 Bb7 4.
Nf3 e6 5. b5 c6 6. a4 Be7 7. e3 O-O 8. Be2 d5 9. d4 a6 10. O-O dxc4 11. Bxc4 axb5 12. axb5 Rxa1 13. Bxa1 cxb5 14. Bxb5 Nc6 15. Nbd2 Qa8 16. Bb2 Nb4 17. Qa1 Qb8 18. Rc1 Rc8 19. Ne5 Bd6 20. Ndf3 h6 21.
h3 Be4 22. Rxc8+ Qxc8 23. Qa7 Qc7 24. Qxc7 Bxc7 25. Ba3 Nbd5 26. Kf1 Nc3 27. Ba6 g5 28. Ke1 Kg7 29. Kd2 Nb1+ 30. Kc1 Nxa3 31. Kb2 Nc2 32. Nd2 Nb4 0-1

[Event "*** Titled Tuesday Blitz"]
[Site "Chess.com"]
[Date "2019.11.05"]
[Round "4"]
[White "Heineccius"]
[Black "ChessBitl"]
[Result "1-0"]
[WhiteElo "2588"]
[BlackElo "2345"]
[TimeControl "180+2"]
[EndTime "13:49:33 PST"]
[Termination "Heineccius won by resignation"]

1. d4 d5 2. c4 dxc4 3. e3 Nf6 4. Bxc4 e6 5. Nf3 c5 6. O-O a6 7. Bb3 Nc6 8. Nc3 b5 9. d5 exd5 10. a4 b4 11. Nxd5 Nxd5 12. Bxd5 Bb7 13. e4 Be7 14. Be3 O-O 15. Rc1 Qa5 16. Nd2 Rad8 17. Nb3 Qxa4 18. Nxc5 Qxd1 19. Rfxd1 Bxc5 20. Bxc5 Rfe8 21. Bb6 Rc8 22. Kf1 a5 23. Rc5 Ba6+ 24. Kg1 Red8 25.
Bxd8 Nxd8 26. Bb7 1-0

[Event "*** Titled Tuesday Blitz"]
[Site "Chess.com"]
[Date "2019.11.05"]
[Round "4"]
[White "Zq1"]
[Black "Guenplen"]
[Result "1-0"]
[WhiteElo "2617"]
[BlackElo "2946"]
[TimeControl "180+2"]
[EndTime "13:49:37 PST"]
[Termination "Zq1 won by checkmate"]

1. d4 d5 2. c4 e6 3. Nc3 a6 4. e4 dxe4 5. Nxe4 Nf6 6. Nxf6+ Qxf6 7. Nf3 Bb4+ 8. Bd2 Bxd2+ 9. Qxd2 O-O 10. Bd3 Rd8 11.
Rd1 Nc6 12. Be4 Nxd4 13. Nxd4 e5 14. Bd5 c6 15. Nxc6 bxc6 16. Bxf7+ Kxf7 17. Qxd8 Qe6 18. O-O Qxc4 19. Qc7+ Kf6 20. Rd6+ Be6 21. Qxc6 Qxc6 22.
Rxc6 a5 23. Rd1 Kf7 24. Rdd6 Bxa2 25. Rc7+ Kf8 26. Rdd7 Rb8 27. h4 Rxb2 28. Rd8# 1-0

[Event "*** Titled Tuesday Blitz"]
[Site "Chess.com"]
[Date "2019.11.05"]
[Round "4"]
[White "NikolaMa2000"]
[Black "Tsschessulover"]
[Result "0-1"]
[WhiteElo "2018"]
[BlackElo "2432"]
[TimeControl "180+2"]
[EndTime "13:49:39 PST"]
[Termination "Tsschessulover won by resignation"]

1. d4 Nf6 2. c4 g6 3. Nc3 d5 4.
e3 Bg7 5. Nf3 O-O 6. cxd5 Nxd5 7.
Bd3 c5 8. O-O Nc6 9. dxc5 Nxc3 10.
bxc3 Qa5 11. Nd4 Qxc5 12. Bb2 Rd8 13. Qc2 Ne5 14. Be2 b6 15. Rac1 Bb7 16. Rfd1 Qd5 17. Bf1 Qxa2 18. c4 Qa5 19. Nb5 a6 20. Bc3 Nf3+ 21.
gxf3 Bxc3 22. Nxc3 Qg5+ 0-1

[Event "*** Titled Tuesday Blitz"]
[Site "Chess.com"]
[Date "2019.11.05"]
[Round "4"]
[White "orrbaverlekszarnyon"]
[Black "newauto"]
[Result "1-0"]
[WhiteElo "2211"]
[BlackElo "1897"]
[TimeControl "180+2"]
[EndTime "13:49:42 PST"]
[Termination "orrbaverlekszarnyon won on time"]

1. e4 c6 2. Bc4 d5 3. Bb3 dxe4 4. Qh5 g6 5. Qh4 Nf6 6. Nc3 Bf5 7. f3 exf3 8. Nxf3 Bg7 9. d4 Nbd7 10. O-O O-O 11. Bh6 Bxh6 12. Qxh6 Ng4 13. Qf4 e5 14. Nxe5 Ndxe5 15. dxe5 Qb6+ 16. Kh1 Ne3 17. Rf3 Nxc2 18. Rc1 Nd4 19. Na4 Qd8 20. Rd1 Nxb3 21. Rxd8 Raxd8 22. axb3 Rd5 23. h3 Rfd8 24. Re3 Be6 25. Nc3 Rd2 26.
Ne4 Rxb2 27. Qh6 f5 28. Nf6+ Kf7 29. Qxh7+ Kf8 30. Qh8+ Ke7 31. Qg7+ Bf7 32. e6 1-0

[Event "*** Titled Tuesday Blitz"]
[Site "Chess.com"]
[Date "2019.11.05"]
[Round "4"]
[White "PNEPaul"]
[Black "medalja"]
[Result "0-1"]
[WhiteElo "1731"]
[BlackElo "2399"]
[TimeControl "180+2"]
[EndTime "13:49:43 PST"]
[Termination "medalja won by resignation"]

1. e4 e6 2. d4 d5 3. e5 c5 4. Qg4 cxd4 5. Nf3 Nc6 6. Bd3 Qc7 7. O-O Nge7 8. Qg3 Ng6 9. Re1 Nb4 10. a3 Nxc2 11. Bxc2 Qxc2 12. Nxd4 Qc4 13. Nf3 Bd7 14. Nc3 Bc5 15. h4 Ne7 16. Qxg7 Rg8 17. Qxh7 Qg4 18. Ng5 O-O-O 19. b4 Bd4 20. Bd2 Rh8 21. Qxf7 Qxh4 22. Kf1 Rdf8 23. Qxf8+ Rxf8 0-1

[Event "*** Titled Tuesday Blitz"]
[Site "Chess.com"]
[Date "2019.11.05"]
[Round "4"]
[White "Svet99"]
[Black "oogee"]
[Result "0-1"]
[WhiteElo "2144"]
[BlackElo "2263"]
[TimeControl "180+2"]
[EndTime "13:49:46 PST"]
[Termination "oogee won by checkmate"]

1. c4 e5 2. Nc3 Nc6 3. g3 f5 4.
Bg2 Nf6 5. Nf3 e4 6. Nh4 d6 7. d4 Be7 8. O-O O-O 9. Bh3 Ng4 10.
Ng2 g5 11. Bxg4 fxg4 12. Nxe4 Bf5 13. Nc3 Qe8 14. e4 Bd7 15. Ne3 Qh5 16. Ncd5 Qh3 17. b4 Rae8 18. b5 Nd8 19. Nxe7+ Rxe7 20. Nd5 Rg7 21. f3 gxf3 22. Rxf3 Rxf3 23. Qxf3 Rf7 24. Qg2 Qh5 25. Bd2 Bh3 26. g4 Bxg2 27. gxh5 Bxe4 28. Ne3 Ne6 29. d5 Nf4 30. Ng4 Nh3# 0-1

[Event "*** Titled Tuesday Blitz"]
[Site "Chess.com"]
[Date "2019.11.05"]
[Round "4"]
[White "Zhuu96"]
[Black "rasmussvane"]
[Result "1-0"]
[WhiteElo "2986"]
[BlackElo "2831"]
[TimeControl "180+2"]
[EndTime "13:49:49 PST"]
[Termination "Zhuu96 won by resignation"]

1. e4 c6 2. d4 d5 3. exd5 cxd5 4. Nf3 Nf6 5. Bd3 Nc6 6. c3 Bg4 7. Bf4 e6 8. Nbd2 Be7 9. O-O O-O 10. h3 Bh5 11. Qb3 Qc8 12. Rfe1 Re8 13. a4 a6 14. Qc2 Bg6 15. Bxg6 hxg6 16. Qd3 b6 17. b4 Qb7 18. Nb3 Rec8 19. Nfd2 Ne8 20. b5 axb5 21. axb5 Nd8 22. c4 dxc4 23. Nxc4 Nf6 24. Nbd2 Bb4 25. Reb1 Bf8 26.
Bd6 Ne8 27. Bxf8 Kxf8 28. Ne5 Nf6 29. Ndc4 Qc7 30. Ra6 Nd5 31. Qa3+ Ne7 32. Rxa8 Rxa8 33. Qxa8 f6 34. Nc6 1-0

[Event "*** Titled Tuesday Blitz"]
[Site "Chess.com"]
[Date "2019.11.05"]
[Round "4"]
[White "anesar92"]
[Black "GasconJR"]
[Result "1-0"]
[WhiteElo "2688"]
[BlackElo "2469"]
[TimeControl "180+2"]
[EndTime "13:49:53 PST"]
[Termination "anesar92 won by resignation"]

1. e4 e5 2. Nf3 Nc6 3. Nc3 Nf6 4. Be2 g6 5. d4 exd4 6. Nxd4 d6 7. Bg5 Bg7 8. Nxc6 bxc6 9. e5 dxe5 10. Qxd8+ Kxd8 11. O-O-O+ Ke7 12. Bf3 Be6 13. Rhe1 h6 14. Be3 Nd5 15. Bc5+ Kd7 16. Na4 Kc8 17. c4 Nb6 18. Bxc6 Nxa4 19. Bxa4 Kb7 20. Re3 Bxc4 21. Rc3 Be6 22. Be7 e4 23.
Bc6+ Kb6 24. Rc2 Rab8 25. Bxe4 Ka6 26. Rd3 Rb5 27. Ra3+ Ra5 28. Rc6+ 1-0

[Event "*** Titled Tuesday Blitz"]
[Site "Chess.com"]
[Date "2019.11.05"]
[Round "4"]
[White "chanchakman"]
[Black "Kazan28"]
[Result "0-1"]
[WhiteElo "2156"]
[BlackElo "2362"]
[TimeControl "180+2"]
[EndTime "13:49:57 PST"]
[Termination "Kazan28 won on time"]

1. g3 d5 2. Bg2 e5 3. c4 d4 4.
d3 Bb4+ 5. Bd2 a5 6. Nf3 Nc6 7. O-O Nf6 8. Bg5 O-O 9. Nbd2 h6 10. Bxf6 Qxf6 11. Ne4 Qd8 12. a3 Be7 13. Qc2 a4 14.
e3 dxe3 15. fxe3 f5 16. Nf2 Bc5 17. Rfe1 Bb6 18. c5 Ba7 19. Qxa4 Be6 20. Qc2 g5 21. b4 g4 22. Nh4 Qg5 23. Qc3 Rae8 24. d4 e4 25. Bf1 Ne7 26. Ng2 Nd5 27. Qd2 c6 28. Nf4 Bb8 29. Nxe6 Rxe6 30. Bc4 h5 31.
Bxd5 cxd5 32. Nh1 Rh6 33. Qg2 Kg7 34. Re2 Rfh8 35. a4 h4 0-1

[Event "*** Titled Tuesday Blitz"]
[Site "Chess.com"]
[Date "2019.11.05"]
[Round "4"]
[White "RitvarsReimanis"]
[Black "Iyael"]
[Result "1-0"]
[WhiteElo "2608"]
[BlackElo "2104"]
[TimeControl "180+2"]
[EndTime "13:49:59 PST"]
[Termination "RitvarsReimanis won by resignation"]

1. d4 Nf6 2. c4 g6 3. Nc3 Bg7 4. e4 d6 5. Be2 O-O 6. Nf3 e5 7.
O-O exd4 8. Nxd4 Nc6 9. f3 Re8 10.
Be3 Nh5 11. Nc2 f5 12. Rb1 f4 13. Bf2 a5 14. Nd5 Be6 15. Nd4 Bxd5 16. cxd5 Ne5 17. Ne6 Qe7 18. g4 fxg3 19. hxg3 Bf6 20. f4 Nf7 21. Bxh5 gxh5 22. Qxh5 Kh8 23. Kg2 Rg8 24. Rh1 Nd8 25. Qf5 Nxe6 26. dxe6 Raf8 27. Rxh7+ Qxh7 28. Rh1 Qxh1+ 29. Kxh1 Rg7 30. Kg2 Kg8 31. Qxa5 Bxb2 32.
Kf3 b6 33. Qd5 Ba3 34. e7+ 1-0

[Event "*** Titled Tuesday Blitz"]
[Site "Chess.com"]
[Date "2019.11.05"]
[Round "4"]
[White "ValeriyGrinev"]
[Black "JonahWillow"]
[Result "0-1"]
[WhiteElo "2561"]
[BlackElo "2803"]
[TimeControl "180+2"]
[EndTime "13:50:01 PST"]
[Termination "JonahWillow won by resignation"]

1. d4 Nf6 2. c4 c5 3. d5 e6 4. Nc3 exd5 5. cxd5 d6 6. Nf3 g6 7.
Bf4 Bg7 8. e4 O-O 9. Bd3 Bg4 10.
h3 Bxf3 11. Qxf3 a6 12. O-O b5 13. Rae1 Re8 14. Bh2 Qb6 15. Qg3 Rd8 16. Kh1 Nh5 17.
Qe3 Nd7 18. f4 c4 19. Qxb6 Nxb6 20. Bb1 b4 21. Nd1 Rac8 22. Bg1 Ng3+ 23. Kh2 Nxf1+ 24. Rxf1 Na4 25. b3 Nc3 26. Ne3 cxb3 27. axb3 a5 28. Nc4 a4 29. Nb6 a3 30. Nxc8 Rxc8 31. Bd3 a2 32. Ra1 Ra8 33. e5 dxe5 34. d6 e4 35. Bc4 Nb1 36. Rxa2 Rxa2 37. d7 Bf6 38. Bb6 Rd2 0-1

[Event "*** Titled Tuesday Blitz"]
[Site "Chess.com"]
[Date "2019.11.05"]
[Round "4"]
[White "misha_chessone"]
[Black "Ceejay271"]
[Result "0-1"]
[WhiteElo "2461"]
[BlackElo "2336"]
[TimeControl "180+2"]
[EndTime "13:50:11 PST"]
[Termination "Ceejay271 won by resignation"]

1. d4 Nf6 2. c4 e6 3. Nc3 Bb4 4. Qc2 d5 5. cxd5 Qxd5 6. e3 c5 7. Nf3 Nc6 8. a3 Bxc3+ 9. bxc3 Qd6 10. Be2 O-O 11. O-O e5 12. dxe5 Nxe5 13. Nxe5 Qxe5 14. Bb2 Bf5 15. Qb3 b6 16. c4 Qe6 17. a4 Ne4 18. Rfd1 Rfd8 19. a5 Rab8 20. axb6 axb6 21. h3 h6 22. Qb5 Qg6 23. Bf3 Nd2 24. Bd5 Bxh3 25. g3 Rxd5 26. cxd5 Qe4 0-1

[Event "*** Titled Tuesday Blitz"]
[Site "Chess.com"]
[Date "2019.11.05"]
[Round "4"]
[White "Ginger_GM"]
[Black "PawnEatingZombie"]
[Result "1-0"]
[WhiteElo "2487"]
[BlackElo "2181"]
[TimeControl "180+2"]
[EndTime "13:50:22 PST"]
[Termination "Ginger_GM won by resignation"]

1. e4 c6 2. Bc4 d5 3. Bb3 dxe4 4. Qh5 g6 5. Qh4 Nf6 6. Nc3 Bg7 7. f3 exf3 8. Nxf3 O-O 9. d4 c5 10. dxc5 Qa5 11.
Bh6 Qxc5 12. O-O-O Qh5 13. Qxh5 Nxh5 14. Bxg7 Kxg7 15.
h3 Nc6 16. g4 Nf6 17. Rhe1 e6 18. g5 Nh5 19. Ne4 Nf4 20. h4 Nd5 21. h5 gxh5 22.
Rh1 Na5 23. Bxd5 exd5 24. Nf6 Nc6 25. Rxh5 Rh8 26. Rdh1 Bf5 27. Nh4 Bg6 28. Nxg6 fxg6 29. Rxh7+ 1-0

[Event "*** Titled Tuesday Blitz"]
[Site "Chess.com"]
[Date "2019.11.05"]
[Round "4"]
[White "JustKid"]
[Black "LawrenceTrent"]
[Result "0-1"]
[WhiteElo "2446"]
[BlackElo "2693"]
[TimeControl "180+2"]
[EndTime "13:50:23 PST"]
[Termination "LawrenceTrent won by resignation"]

1. d4 d5 2. Bf4 c5 3. e3 Nc6 4.
Nf3 Nf6 5. c3 e6 6. Nbd2 cxd4 7.
exd4 Nh5 8. Be3 Bd6 9. Bd3 f5 10. Bg5 Nf6 11. O-O O-O 12. Re1 Qc7 13. Bxf6 gxf6 14.
h3 Kh8 15. Nh4 Qf7 16. Kh1 Bd7 17. Ndf3 Rg8 18. c4 Nb4 19. cxd5 Nxd5 20. Rg1 Nf4 21. Bf1 Bc6 22. g3 Qh5 23. Kh2 Ng6 24. Nxg6+ Rxg6 25. Bg2 Rag8 26. Kh1 Rxg3 27. fxg3 Rxg3 28. Nh2 Rxh3 0-1

[Event "*** Titled Tuesday Blitz"]
[Site "Chess.com"]
[Date "2019.11.05"]
[Round "4"]
[White "amiralfio"]
[Black "babadroga92"]
[Result "1-0"]
[WhiteElo "2453"]
[BlackElo "2653"]
[TimeControl "180+2"]
[EndTime "13:50:35 PST"]
[Termination "amiralfio won by resignation"]

1. f4 b6 2. b3 Bb7 3. Bb2 h5 4. Nf3 c5 5. e3 Nf6 6. Be2 d6 7. d3 Nbd7 8. Nbd2 e6 9. O-O Be7 10.
Qe1 Qc7 11. a4 a6 12. Nc4 Nd5 13. Qf2 Bf6 14. Bxf6 N7xf6 15. Ng5 Nc3 16. Bf3 Rd8 17.
Bxb7 Qxb7 18. e4 b5 19. axb5 axb5 20. Nxd6+ Rxd6 21. e5 Ng4 22. Qd2 Rd5 23. Qxc3 O-O 24. Qd2 c4 25. bxc4 bxc4 26. Rfb1 Qc7 27. d4 c3 28. Qd3 g6 29. h3 Nh6 30. Nxe6 fxe6 31. Qxg6+ Qg7 32. Qxe6+ Qf7 33. Qxh6 Rxd4 34. Ra6 1-0

[Event "*** Titled Tuesday Blitz"]
[Site "Chess.com"]
[Date "2019.11.05"]
[Round "4"]
[White "ferdipy"]
[Black "Tolya2"]
[Result "1-0"]
[WhiteElo "2217"]
[BlackElo "2397"]
[TimeControl "180+2"]
[EndTime "13:50:37 PST"]
[Termination "ferdipy won by resignation"]

1. e4 c5 2. Nf3 d6 3. d4 cxd4 4. Nxd4 Nf6 5. Nc3 a6 6. Be3 e6 7. Be2 Qc7 8. g4 h6 9. Rg1 b5 10. a3 Bb7 11. f3 Nbd7 12. h4 g6 13. Qd2 Rc8 14. O-O-O Be7 15. Bxh6 Ne5 16. Be3 Rxh4 17. Rh1 Rxh1 18. Rxh1 Nc4 19. Bxc4 Qxc4 20. Rh8+ Kd7 21. Rxc8 Kxc8 22. b3 Qc7 23. Kb2 d5 24. e5 Nd7 25.
f4 Nc5 26. Qh2 Qd8 27. Qh7 Qf8 28. f5 gxf5 29. gxf5 Ne4 30. Nxe4 Bxa3+ 31. Ka2 dxe4 32. fxe6 fxe6 33. Nxe6 Qe7 34. Qg8+ Kd7 35. Nd4 Bb4 36. Bg5 Qe8 37. e6+ 1-0

[Event "*** Titled Tuesday Blitz"]
[Site "Chess.com"]
[Date "2019.11.05"]
[Round "4"]
[White "nocnypako"]
[Black "Elshan1985"]
[Result "0-1"]
[WhiteElo "2543"]
[BlackElo "2773"]
[TimeControl "180+2"]
[EndTime "13:50:39 PST"]
[Termination "Elshan1985 won on time"]

1. d4 Nf6 2. c4 e6 3. Nc3 Bb4 4. e3 b6 5. Bd2 Ba6 6. Nf3 O-O 7. a3 Bxc3 8. Bxc3 d5 9. b3 Nbd7 10. Bd3 Rc8 11. cxd5 Bxd3 12. Qxd3 exd5 13. O-O Ne4 14.
Rac1 Re8 15. Bb2 c6 16. Rc2 Rc7 17. Rfc1 Re6 18. Nd2 Ndf6 19. Nxe4 Nxe4 20. f3 Nf6 21. Re2 Rce7 22. Rce1 Qe8 23. Bc3 h6 24. Bb4 Rd7 25.
Bc3 Rde7 26. Bb4 Rd7 27. Bc3 Qe7 28. b4 Nh5 29. g3 Qf6 30. Kg2 Rde7 31. Bd2 Re8 32. g4 Qg5 33. Qf5 Nf4+ 0-1

[Event "*** Titled Tuesday Blitz"]
[Site "Chess.com"]
[Date "2019.11.05"]
[Round "4"]
[White "gena217"]
[Black "TomsKantans"]
[Result "1-0"]
[WhiteElo "2925"]
[BlackElo "2599"]
[TimeControl "180+2"]
[EndTime "13:50:40 PST"]
[Termination "gena217 won by resignation"]

1. e4 c5 2. Nf3 Nf6 3. e5 Nd5 4. d4 cxd4 5. Qxd4 e6 6. g3 Nc6 7. Qe4 f5 8. Qe2 Qc7 9. Bg2 Bc5 10. c4 Nde7 11. Nc3 a6 12. O-O Ng6 13. Re1 O-O 14. Be3 Bb4 15. Bd2 b6 16. a3 Bxc3 17. Bxc3 Bb7 18. Rad1 Rac8 19. h4 f4 20. h5 Nge7 21. g4 h6 22. b3 b5 23. cxb5 axb5 24. Qxb5 Na7 25. Qc4 Qxc4 26. bxc4 Rxc4 27. Bb4 Rf7 28.
Rxd7 Nd5 29. Rd8+ Kh7 30. Bf1 1-0

[Event "*** Titled Tuesday Blitz"]
[Site "Chess.com"]
[Date "2019.11.05"]
[Round "4"]
[White "Rodalquilar"]
[Black "r31415"]
[Result "1-0"]
[WhiteElo "2641"]
[BlackElo "2434"]
[TimeControl "180+2"]
[EndTime "13:50:50 PST"]
[Termination "Rodalquilar won by resignation"]

1. d4 d6 2. e4 Nf6 3. Nc3 g6 4. Nf3 Bg7 5. Be2 O-O 6. O-O a6 7. a4 b6 8. Re1 Bb7 9. Bf1 e6 10. Bf4 Nc6 11. h3 Nd7 12. Bh2 Ne7 13. Qd2 f5 14. Ng5 Qc8 15. Nxe6 Rf7 16. Ng5 Rf8 17. Bc4+ Kh8 18. Nf7+ Rxf7 19. Bxf7 Nc6 20. exf5 Nxd4 21. fxg6 Qf8 22. Bd5 c6 23. Bf7 hxg6 24. Bxg6 c5 25. Be4 Bh6 26. Qd3 d5 27. Bxd5 Bxd5 28. Nxd5 Ra7 29. c3 Nc6 30. Re6 1-0

[Event "*** Titled Tuesday Blitz"]
[Site "Chess.com"]
[Date "2019.11.05"]
[Round "4"]
[White "FearlessKing64"]
[Black "Qvalda"]
[Result "0-1"]
[WhiteElo "2296"]
[BlackElo "2535"]
[TimeControl "180+2"]
[EndTime "13:50:50 PST"]
[Termination "Qvalda won on time"]

1. e4 e5 2. Nf3 Nc6 3. Bc4 Nf6 4.
d4 exd4 5. e5 Ng4 6. O-O d5 7. Bb5 Bc5 8. h3 Nh6 9. Bxh6 gxh6 10.
Nxd4 Bd7 11. e6 fxe6 12. Qh5+ Ke7 13. Qh4+ Kd6 14. Qg3+ e5 15. Bxc6 Bxd4 16. c3 Rg8 17. Qf3 e4 18. Qh5 bxc6 19. cxd4 Qf6 20. Nc3 Rg5 0-1

[Event "*** Titled Tuesday Blitz"]
[Site "Chess.com"]
[Date "2019.11.05"]
[Round "4"]
[White "Irishchessman16"]
[Black "mortngabriel"]
[Result "1-0"]
[WhiteElo "2189"]
[BlackElo "2276"]
[TimeControl "180+2"]
[EndTime "13:50:57 PST"]
[Termination "Irishchessman16 won by checkmate"]

1. e4 c5 2. Nf3 d6 3. Bb5+ Nc6 4.
O-O Nf6 5. Re1 e5 6. Nc3 a6 7. Bc4 b5 8. Bf1 Be7 9. a4 b4 10.
Nb1 Bg4 11. c3 O-O 12. h3 Bh5 13. d3 Re8 14. Nbd2 Bxf3 15. Nxf3 d5 16. exd5 Qxd5 17. a5 Bd8 18. Qa4 Bxa5 19. Bd2 e4 20. dxe4 Rxe4 21.
Red1 bxc3 22. Qc2 cxd2 23. Bd3 Nb4 24. Bxe4 Nxc2 25. Bxd5 Nxd5 26. Rxa5 Rc8 27. Rxd2 Ndb4 28. Rxc5 Rxc5 29. Rd8# 1-0

[Event "*** Titled Tuesday Blitz"]
[Site "Chess.com"]
[Date "2019.11.05"]
[Round "4"]
[White "olksuna"]
[Black "anon102030"]
[Result "1-0"]
[WhiteElo "2588"]
[BlackElo "2781"]
[TimeControl "180+2"]
[EndTime "13:50:58 PST"]
[Termination "olksuna won by checkmate"]

1. c4 e5 2. Nc3 Nc6 3. g3 g6 4. Bg2 Bg7 5. d3 d6 6. Nf3 f5 7.
O-O Nf6 8. Rb1 O-O 9. b4 a6 10. b5 axb5 11. cxb5 Na5 12. Qc2 h6 13. Rd1 Be6 14. d4 e4 15. Nh4 g5 16. d5 Bd7 17.
Ng6 Re8 18. h4 Kh7 19. hxg5 hxg5 20. Bxg5 Kxg6 21. Bf4 Nh5 22. Be3 Nc4 23. Bd4 Na3 24.
Qc1 Nxb1 25. Bxg7 Kxg7 26. Qxb1 e3 27. Bf3 exf2+ 28. Kxf2 Qg5 29. Rg1 Qe3+ 30. Kf1 Rh8 31.
Nd1 Qe5 32. Kf2 Nf6 33. Qc2 Ra3 34. Qxc7 Qd4+ 35. Kg2 Qe5 36. Nf2 Rxa2 37. Qxb7 Kg6 38. Nd3 Rxe2+ 39. Kf1 Qa1+ 40. Kxe2 Qxg1 41. Nf4+ Kg5 42. Ne6+ Bxe6 43. Qg7# 1-0

[Event "*** Titled Tuesday Blitz"]
[Site "Chess.com"]
[Date "2019.11.05"]
[Round "4"]
[White "riconaipe"]
[Black "Eliwood44"]
[Result "1-0"]
[WhiteElo "2616"]
[BlackElo "2354"]
[TimeControl "180+2"]
[EndTime "13:51:00 PST"]
[Termination "riconaipe won by resignation"]

1. d4 Nf6 2. c4 e6 3. Nc3 d5 4. Nf3 Be7 5. e3 O-O 6. Bd2 b6 7. Rc1 Bb7 8. cxd5 Nxd5 9. Bd3 Nd7 10. O-O N7f6 11. a3 c5 12. e4 Nxc3 13. Bxc3 Nxe4 14. Bxe4 Bxe4 15. Ne5 cxd4 16. Bxd4 Bf6 17.
Re1 Bb7 18. Qg4 Rc8 19. Rcd1 Qe7 20. Nd7 Bxd4 21. Nxf8 Bxf2+ 22. Kxf2 Rc2+ 23. Re2 Qc5+ 24. Qd4 Rxe2+ 25. Kxe2 Qxf8 26. Qd8 Bd5 27. Qxf8+ Kxf8 28.
g3 Ke7 29. Rc1 Kd7 30. Ke3 e5 31. g4 f6 32. h4 h6 33. Rd1 Ke6 34. Rc1 Kd7 35.
Rg1 Ke6 36. b4 a5 37. bxa5 bxa5 38. Rb1 h5 39. Rb6+ Kd7 40. gxh5 a4 41. h6 gxh6 42.
Rxf6 h5 43. Rf5 Kc6 44. Rxh5 Kc5 45. Rxe5 Kc4 46. h5 Bf7 47. h6 Kb3 48. h7 1-0

[Event "*** Titled Tuesday Blitz"]
[Site "Chess.com"]
[Date "2019.11.05"]
[Round "4"]
[White "novocane"]
[Black "1f3_2g41-0"]
[Result "0-1"]
[WhiteElo "2167"]
[BlackElo "2287"]
[TimeControl "180+2"]
[EndTime "13:51:01 PST"]
[Termination "1f3_2g41-0 won by resignation"]

1. d4 Nf6 2. c4 g6 3. Nc3 d5 4.
cxd5 Nxd5 5. e4 Nxc3 6. bxc3 Bg7 7. Qa4+ Nd7 8. Nf3 O-O 9. Be2 c5 10. O-O cxd4 11. cxd4 Nb6 12. Qa3 Bg4 13. Bg5 Bxf3 14. Bxe7 Qxd4 15. Bxf8 Bxe2 16. Bxg7 Kxg7 17. Rfe1 Rd8 18.
Qg3 Nc4 19. h4 Nd2 20. Rac1 Nxe4 21. Qf4 Bd3 22. Rcd1 f5 23. h5 Rd7 24. h6+ Kf7 25.
Rxe4 Qxe4 26. Qb8 Qd4 27. Rxd3 Qxd3 28. Qh8 Qd1+ 29. Kh2 Qh5+ 30. Kg3 Qg4+ 31. Kh2 Qh4+ 0-1

[Event "*** Titled Tuesday Blitz"]
[Site "Chess.com"]
[Date "2019.11.05"]
[Round "4"]
[White "ural58"]
[Black "albi1999"]
[Result "1-0"]
[WhiteElo "2449"]
[BlackElo "2579"]
[TimeControl "180+2"]
[EndTime "13:51:04 PST"]
[Termination "ural58 won by resignation"]

1. Nc3 e5 2. d4 exd4 3. Qxd4 Nc6 4. Qd3 Nf6 5. Bg5 h6 6. Qe3+ Qe7 7. Bxf6 Qxe3 8. fxe3 gxf6 9. Nd5 Kd8 10. O-O-O f5 11. Nf3 d6 12. g3 Bg7 13. Bh3 Re8 14. Nh4 Ne7 15. Nxe7 Rxe7 16. Bxf5 Bf6 17. Bxc8 Rxc8 18. Nf5 Re6 19. Rhf1 h5 20. Rd3 Kd7 21. c3 Rce8 22. Kd2 Be5 23. Nd4 Rf6 24. Nf3 Rf5 25. Nxe5+ Rexe5 26.
Rf4 Ke6 27. Rdd4 d5 28. Rxf5 Kxf5 29. Rf4+ Kg6 30. Kd3 f5 31. c4 dxc4+ 32. Rxc4 c6 33.
e4 Rb5 34. b3 Ra5 35. a4 fxe4+ 36. Rxe4 Rd5+ 37. Rd4 Rf5 38. Rd7 Rf2 39. Rxb7 Rxh2 40. Rxa7 Rg2 41. Ra6 Rxg3+ 42. e3 h4 43. Rxc6+ Kg5 44.
Rc8 h3 45. Rh8 Kg4 46. a5 Kf3 47. a6 Kg2 48. a7 1-0